Unix NetHack Version 3.7.0-83 Work-in-progress - last build Apr 28 2023 22:06:38 (2625824c38750939014cf799bb7ff71c9e9c2d48,branch:master). Game began 2023-05-08 13:34:11, ended 2023-05-11 08:56:57. MaestroSpook, neutral male human Monk --- ----- ----- ..------ --..<| 0)0*| 1 ..[..%.|---....%| 0@0[* -.----.|....|).- 00.%.# ## -.....-|)-- -|---#* ...| ......|-- +.. # ....| .|.---- }..... --.. ..).. --- --... ......... ------ .... .%[....|.. |....| ....... .(.......| |(...| ...... .[..[...- --|--- ..... ...... .......-...--..- ---- |..... |... -..............-*..| ....... -|---.................-..| ...G.. .*......--.-....{...*.----- ....... ------[--|--*.-......*...[...| ....... |(([.|.|...|#..........-----|| .-.... |.[..-.|...| -...-....-- |...| |()(.|------ # #--.. |...| ------ ----- MaestroSpook the Initiate St:16 Dx:16 Co:10 In:9 Wi:16 Ch:11 Neutral Dlvl:8 $:147 HP:0(60) Pw:36(36) AC:-1 Xp:7/968 T:4131 Latest messages: There is an amber flash as 2 brilliant blue potions hit the altar. There is an amber flash as a bubbly potion hits the altar. A clear potion lands on the altar. There is an amber flash as a ruby potion hits the altar. 2 ruby potions land on the altar. A smoky potion lands on the altar. A swirly potion lands on the altar. A yellow potion lands on the altar. A potion of blindness lands on the altar. An iron ring lands on the altar. A jade ring lands on the altar. There is a black flash as a ruby ring named cursed hits the altar. There is a black flash as a twisted ring named cursed hits the altar. You cannot drop something you are wearing. A wand called nothing lands on the altar. A wand of create monster lands on the altar. A wand of light lands on the altar. A wand of speed monster lands on the altar. A wand of speed monster lands on the altar. There is a black flash as a partly used candle hits the altar. A whistle called tin lands on the altar. There is a black flash as a blindfold hits the altar. A leash lands on the altar. A lock pick lands on the altar. A towel lands on the altar. A black gem lands on the altar. 2 blue gems land on the altar. 2 green gems land on the altar. 2 orange gems land on the altar. An orange gem lands on the altar. 2 red gems land on the altar. A violet gem lands on the altar. 2 white gems land on the altar. 3 yellow gems land on the altar. You are blasted by the circular amulet named the Eye of the Aethiopica's power! g - a circular amulet named the Eye of the Aethiopica. h - an athame named Magicbane. i - a Hawaiian shirt. l - a tiger eye ring. m - a marble wand. n - a pine wand. o - a uranium wand. p - a uranium wand. q - a zinc wand. r - a wand of light. s - a bag. You have much trouble lifting a bag. Continue? [ynq] (q) t - a whistle. You are blasted by the credit card named the Platinum Yendorian Express Card's power! You die... Inventory: Coins ('$') $ - 147 gold pieces Amulets ('"') g - the cursed Eye of the Aethiopica Weapons (')') h - the uncursed rustproof +0 Magicbane Armor ('[') X - an uncursed +1 elven leather helm (being worn) a - an uncursed +2 pair of leather gloves (being worn) k - a blessed +1 pair of iron shoes (being worn) b - a blessed +1 robe (being worn) i - a cursed -1 Hawaiian shirt with an orchid motif Scrolls ('?') d - a blessed scroll of punishment Rings ('=') l - a cursed ring of conflict y - an uncursed ring of regeneration (on right hand) Wands ('/') n - a cursed wand of death (0:2) m - a cursed wand of digging (0:4) r - a cursed wand of light (0:12) q - a cursed wand of magic missile (0:0) o - a cursed wand of striking (0:8) p - a cursed wand of striking (0:3) Tools ('(') s - an empty uncursed sack j - an uncursed magic marker (0:47) t - a cursed magic whistle MaestroSpook the Monk's attributes: Background: You were an Initiate, a level 7 male human Monk. You were neutral, on a mission for Chih Sung-tzu who was opposed by Shan Lai Ching (lawful) and Huan Ti (chaotic). You were in the Gnomish Mines, on level 8. You entered the dungeon 4131 turns ago. You had 968 experience points, 312 more were needed to attain level 8. Basics: You had 0 out of 60 hit points. You had all 36 energy points (spell power). Your armor class was -1. Your wallet contained 147 zorkmids. Autopickup was on for '$%?!"=/*', with exceptions. Final Characteristics: Your strength was 16 (limit:18/100). Your dexterity was 16 (limit:18). Your constitution was 10 (limit:18). Your intelligence was 9 (limit:18). Your wisdom was 16 (limit:18). Your charisma was 11 (limit:18). Final Status: You were not hungry. You were unencumbered. You were empty handed. You were skilled in martial arts. Final Attributes: You were piously aligned. You were sleep resistant. You were poison resistant. You saw invisible. You were telepathic. You were warned. You were stealthy. You regenerated. You were guarded. You took half spell damage. You were fast. You are dead. Miscellaneous: You encountered 1 bones level. Total elapsed playing time was 53 minutes and 26 seconds. Major events: Turn 1: MaestroSpook the neutral male human Monk entered the dungeon 1070: entered the Gnomish Mines 1330: entered Sokoban 1370: attained the rank of Novice (level 3) 2293: completed 1st Sokoban level 2751: completed 2nd Sokoban level 3037: attained the rank of Initiate (level 6) 3999: reached Mine Town 4127: found the Eye of the Aethiopica on the floor 4127: found Magicbane on the floor 4127: found the Platinum Yendorian Express Card on the floor 4128: destroyed Ted's ghost, the former Embalmer 4131: killed by touching The Platinum Yendorian Express Card Vanquished creatures: a ghost a panther a horse a gnome ruler a housecat a jaguar an ape an imp 2 wood nymphs 2 Uruk-hai a rock mole 2 ponies 2 fog clouds 6 gnome leaders a kobold mummy a gray ooze a baby crocodile 2 giant ants a floating eye a kitten 9 dwarves 2 orc zombies a wererat an iguana a gas spore 2 hobbits 2 large kobolds a hobgoblin 2 yellow molds 24 gnomes a gnome zombie 4 geckos 2 jackals a fox a goblin 2 sewer rats 2 grid bugs 2 bats 3 lichens a kobold zombie 5 newts 99 creatures vanquished. No species were genocided or became extinct. Voluntary challenges: You never hit with a wielded weapon. You read items or engraved 8 times. You engraved Elbereth 3 times. You never genocided any monsters. You never polymorphed an object. You never changed form. You used no wishes. You did not violate any of the special Sokoban rules. Achievements: You entered the Gnomish Mines. You entered Sokoban. You attained the rank of Novice. You attained the rank of Initiate. You entered Minetown. You entered a shop. The Dungeons of Doom: levels 1 to 7 Level 1: A fountain. Level 2: Level 3: A sink. Level 4: A fountain. Stairs down to The Gnomish Mines. Level 5: Many fountains. Level 6: Stairs up to Sokoban, level 5. Level 7: The Gnomish Mines: levels 5 to 8 Level 5: Level 6: Level 7: Level 8: <- You were here. Some shops, a temple to Chih Sung-tzu, a fountain. Final resting place for you, killed by touching The Platinum Yendorian Express Card, Ted-Hea-Gno-Mal-Neu, choked on a small glob of gray ooze. Sokoban: levels 5 up to 3 Level 3: Unsolved. Level 4: Solved. Level 5: Solved. Game over: ---------- / \ / REST \ / IN \ / PEACE \ / \ | MaestroSpook | | 147 Au | | killed by | | touching The | | Platinum | | Yendorian | | 2023 | *| * * * | * _________)/\\_//(\/(/\)/\//\/|_)_______ Goodbye MaestroSpook the Monk... You died in The Gnomish Mines on dungeon level 8 with 4375 points, and 147 pieces of gold, after 4131 moves. You were level 7 with a maximum of 60 hit points when you died.